Map: Oxide LE

Players

Future - Winner!

  • Race: Terran Terran

PiLiPiLi

  • Race: Protoss Protoss
  • League: Grandmaster

Event: DreamHack SC2 Masters 2021 Summer

VOD

Have the link to the VOD?

Description

Time

  • Played on: May 27, 2021, 3:38 p.m.
  • Length: 15:37

All games in this series

Show
View Real Time Build Order
Export as new Build Order

Future Terran - Winner!

Build Orders:  

Get SALT Encoding   

  12  0:00  SCV  
  13  0:12  SCV  
  14  0:17  Supply Depot  
  14  0:24  SCV  
  15  0:39  SCV  
  15  0:40  Barracks  
  16  0:45  Refinery  
  16  0:51  SCV  
  17  1:03  SCV  
  18  1:15  SCV  
  19  1:27  Orbital Command, Marine  
  20  1:45  Command Center  
  20  1:46  Barracks Reactor  
  20  1:54  SCV  
  21  1:57  Supply Depot  
  21  2:06  SCV  
  22  2:13  Factory  
  22  2:18  SCV  
  23  2:22  Marine  
  23  2:23  Marine  
  25  2:30  SCV  
  26  2:39  Bunker  
  26  2:40  Marine x2  
  26  2:43  SCV  
  29  2:56  SCV  
  29  2:57  Widow Mine, Orbital Command  
  32  2:59  Armory  
  32  3:02  Marine  
  32  3:03  Marine  
  34  3:08  SCV  
  35  3:14  Supply Depot  
  35  3:18  Widow Mine  
  37  3:20  SCV  
  37  3:21  Marine x2  
  37  3:24  SCV  
  41  3:32  SCV  
  41  3:34  Barracks  
  42  3:36  SCV  
  42  3:38  Supply Depot  
  42  3:40  Widow Mine  
  45  3:44  SCV  
  45  3:48  SCV, Marine x2  
  49  3:56  SCV  
  49  4:00  SCV, Barracks  
  49  4:02  Supply Depot  
  51  4:08  SCV  
  52  4:10  Marine  
  52  4:11  Engineering Bay  
  52  4:12  SCV  
  54  4:20  SCV  
  54  4:21  Barracks Tech Lab  
  54  4:24  SCV, Marine  
  55  4:25  Supply Depot  
  55  4:30  Marine  
  56  4:32  SCV  
  56  4:36  SCV  
  56  4:38  Terran Infantry Weapons Level 1  
  56  4:39  Refinery  
  56  4:41  Refinery, Stimpack  
  56  4:42  Marauder  
  56  4:44  SCV  
  57  4:47  Refinery  
  57  4:48  Marine x2  
  57  4:50  Barracks Tech Lab  
  57  4:52  Bunker  
  59  4:53  SCV  
  59  4:57  Supply Depot  
  60  5:02  Missile Turret  
  60  5:04  Marauder  
  60  5:06  Marine x2  
  64  5:08  SCV  
  64  5:10  SCV  
  66  5:15  Missile Turret  
  66  5:16  Combat Shield  
  66  5:21  SCV  
  67  5:22  SCV  
  67  5:29  Marauder x2  
  67  5:34  Marine x2  
  72  5:43  Starport, Factory Reactor  
  72  5:50  Marauder  
  72  5:51  Marauder  
  72  5:52  Marine  
  72  5:53  SCV x2, Bunker  
  79  5:59  Marine  
  80  6:10  Supply Depot  
  80  6:11  Supply Depot  
  77  6:12  Marauder x2  
  77  6:17  Marine x2  
  83  6:24  Supply Depot  
  83  6:38  Medivac  
  83  6:39  Barracks Tech Lab, Marauder, Marine x2  
  85  6:40  Concussive Shells  
  85  6:42  Terran Infantry Weapons Level 2  
  85  6:46  Engineering Bay, Factory Reactor  
  85  6:51  Supply Depot  
  85  6:53  Supply Depot  
  85  6:57  Marine x2  
  85  6:58  Marauder  
  85  7:01  Marauder  
  91  7:08  Medivac  
  91  7:14  Terran Infantry Armor Level 1  
  93  7:18  Marine x2  
  93  7:20  Marauder, Command Center  
  93  7:22  Marauder  
  99  7:31  Supply Depot x2  
  99  7:33  Factory Reactor  
  99  7:35  Marine x2  
  101  7:41  Marauder  
  101  7:44  Marauder  
  105  7:49  Medivac  
  109  7:53  Supply Depot  
  109  7:54  Barracks  
  109  7:55  Marine x2  
  109  7:56  Barracks  
  111  7:58  Medivac  
  111  8:00  SCV x2  
  111  8:02  Marauder  
  111  8:05  Marauder  
  110  8:24  SCV x2  
  109  8:33  Orbital Command, Marauder x2  
  113  8:36  SCV x2  
  111  8:44  Marine x2  
  104  8:48  SCV x2  
  104  8:53  Orbital Command  
  83  9:00  SCV x2  
  83  9:02  Barracks Reactor, Marauder x2  
  89  9:03  Barracks Tech Lab  
  89  9:06  Widow Mine x2, Starport Reactor  
  89  9:08  Terran Infantry Weapons Level 3, Terran Infantry Armor Level 2  
  93  9:12  SCV x2, Marine  
  93  9:13  Marine  
  97  9:17  Bunker  
  97  9:19  SCV  
  96  9:24  SCV, Marauder  
  96  9:25  SCV, Marauder  
  96  9:28  Marauder  
  96  9:29  Widow Mine  
  108  9:31  Widow Mine  
  108  9:36  Marine x2  
  108  9:40  SCV x2  
  108  9:41  SCV  
  113  9:46  Viking  
  113  9:48  Medivac  
  113  9:52  Widow Mine x2  
  119  9:56  Marine x4  
  119  9:58  Marauder x2, Missile Turret  
  119  9:59  Missile Turret  
  127  10:00  Marauder  
  127  10:01  Missile Turret  
  127  10:07  Ghost Academy  
  129  10:15  Widow Mine x2  
  129  10:20  Marauder x2  
  136  10:21  Marauder  
  136  10:26  Marine x2  
  136  10:28  Marine x2  
  122  10:38  Widow Mine x2  
  122  10:41  Marauder x2  
  122  10:42  Marine  
  127  10:43  Marine  
  127  10:44  Marine  
  127  10:46  Marine x2  
  114  11:01  Marine  
  116  11:04  Ghost x2  
  116  11:06  Ghost  
  115  11:12  Medivac  
  115  11:13  SCV x2  
  115  11:14  SCV  
  120  11:22  Medivac  
  121  11:25  SCV x2  
  121  11:26  SCV, Marine  
  121  11:27  Marine x3  
  127  11:39  SCV x3  
  128  11:48  Marauder x2  
  128  11:49  Marauder  
  128  11:53  SCV  
  128  11:54  SCV x2  
  137  11:57  Supply Depot  
  137  11:58  Widow Mine x2  
  139  12:02  Marine x2  
  139  12:03  Marine  
  139  12:07  Medivac  
  139  12:08  Medivac  
  146  12:09  SCV x3  
  146  12:10  Marauder x2, Marine x2  
  146  12:12  Supply Depot  
  118  12:32  Marauder x2  
  118  12:33  Marine x2  
  118  12:36  Widow Mine, SCV x2  
  109  12:40  Marine  
  109  12:41  Marine x2  
  109  12:44  Widow Mine  
  95  12:50  Marine  
  95  12:51  Marine  
  78  12:53  Marine x2  
  78  12:57  Marine  
  78  12:58  Widow Mine, Marine  
  76  12:59  Marine  
  76  13:05  Widow Mine  
  80  13:08  Marine x2, Medivac  
  80  13:11  Marine x2  
  86  13:13  Medivac  
  86  13:15  Marine  
  86  13:16  Marine  
  86  13:17  Marine  
  91  13:26  Marine x2  
  93  13:29  Marine x2  
  93  13:33  Marine  
  96  13:34  Marine x2  
  98  13:44  Marine x2  
  100  13:49  Marine  
  100  13:53  Missile Turret  
  93  14:04  Marine  
  93  14:05  Marine  
  84  14:12  Marine  
  83  14:37  Marine  
Show
View Real Time Build Order
Export as new Build Order

PiLiPiLi Protoss 

Build Orders: 1 Gate Expand, Blink Stalkers 

Get SALT Encoding   

  12  0:00  Probe  
  13  0:12  Probe  
  14  0:18  Pylon  
  14  0:24  Probe (Chrono Boost)  
  15  0:37  Probe (Chrono Boost), Gateway  
  16  0:45  Probe (Chrono Boost)  
  16  0:46  Assimilator  
  17  0:51  Probe  
  18  1:03  Probe  
  19  1:15  Probe  
  20  1:21  Nexus  
  20  1:32  Cybernetics Core  
  20  1:35  Probe  
  20  1:38  Assimilator  
  21  1:47  Probe  
  21  1:52  Pylon  
  22  2:00  Probe  
  23  2:08  Stalker (Chrono Boost)  
  23  2:10  Warp Gate  
  23  2:12  Probe  
  25  2:24  Probe  
  25  2:26  Twilight Council  
  26  2:32  Stalker  
  26  2:34  Probe  
  26  2:36  Probe  
  30  2:46  Probe  
  30  2:48  Shield Battery  
  30  2:49  Probe  
  32  2:58  Probe  
  33  2:59  Blink (Chrono Boost)  
  33  3:01  Probe  
  34  3:10  Probe  
  35  3:13  Probe  
  35  3:19  Robotics Facility  
  36  3:22  Probe, Gateway  
  37  3:29  Probe, Gateway  
  38  3:34  Probe  
  40  3:41  Probe  
  40  3:46  Probe  
  41  3:53  Probe  
  41  3:56  Gateway  
  41  3:59  Probe, Assimilator  
  42  4:05  Probe  
  42  4:08  Observer (Chrono Boost)  
  44  4:13  Probe  
  44  4:16  Pylon  
  45  4:21  Stalker x2  
  45  4:23  Pylon  
  45  4:29  Observer (Chrono Boost)  
  46  4:35  Probe  
  46  4:38  Probe  
  48  4:47  Warp Prism (Chrono Boost)  
  48  4:51  Probe  
  48  4:52  Probe  
  52  4:54  Stalker  
  54  5:00  Stalker  
  54  5:02  Stalker  
  54  5:03  Probe  
  54  5:04  Probe  
  60  5:10  Pylon  
  60  5:15  Probe  
  60  5:16  Probe  
  62  5:25  Pylon  
  62  5:28  Probe  
  62  5:35  Stalker x4  
  70  5:45  Probe  
  71  5:57  Probe, Pylon  
  71  5:58  Observer, Stalker x2  
  71  6:02  Nexus  
  76  6:07  Probe  
  76  6:08  Charge (Chrono Boost)  
  75  6:13  Probe  
  75  6:17  Forge  
  76  6:20  Probe  
  76  6:22  Zealot, Sentry  
  76  6:23  Shield Battery  
  81  6:25  Probe  
  80  6:36  Observer  
  80  6:39  Probe, Immortal (Chrono Boost)  
  73  6:41  Probe  
  78  6:47  Protoss Ground Armor Level 1 (Chrono Boost)  
  78  6:50  Zealot x3, Sentry  
  86  6:54  Gateway  
  86  7:00  Gateway  
  86  7:03  Gateway  
  86  7:08  Gateway  
  86  7:11  Pylon  
  86  7:16  Probe  
  86  7:17  Probe x2  
  86  7:19  Observer  
  86  7:21  Observer (Chrono Boost)  
  90  7:24  Observer  
  90  7:29  Probe, Gateway  
  91  7:30  Gateway  
  91  7:33  Zealot x3, Sentry  
  91  7:36  Pylon  
  99  7:40  Pylon  
  99  7:47  Immortal (Chrono Boost)  
  103  8:01  Zealot x6  
  115  8:15  Pylon  
  115  8:17  Shield Battery  
  103  8:31  Zealot  
  103  8:32  Zealot x7  
  100  8:50  Pylon  
  100  8:53  Protoss Ground Weapons Level 1 (Chrono Boost)  
  100  8:54  Stalker x7  
  110  9:07  Pylon  
  110  9:08  Pylon  
  110  9:10  Warp Prism  
  110  9:15  Stalker  
  112  9:20  Stalker x3  
  118  9:26  Zealot x4  
  126  9:34  Observer  
  126  9:38  Immortal  
  126  9:39  Zealot x3  
  126  9:41  Observer, Pylon  
  126  9:44  Pylon  
  132  9:51  Zealot x4  
  144  10:07  Zealot x6  
  155  10:17  Observer  
  156  10:25  Zealot x4  
  158  10:34  Zealot x3  
  144  10:40  Stalker x3  
  127  10:50  Zealot x3  
  127  10:54  Zealot  
  127  10:57  Sentry x3  
  121  11:03  Zealot x2  
  121  11:04  Zealot  
  129  11:10  Sentry  
  129  11:11  Zealot x2  
  132  11:19  Zealot  
  132  11:24  Zealot x3  
  132  11:25  Zealot x2  
  144  11:33  Immortal  
  144  11:37  Zealot  
  146  11:50  Zealot x4  
  154  11:55  Zealot  
  154  11:56  Zealot  
  158  12:02  Zealot x2  
  162  12:10  Zealot  
  138  12:29  Zealot x4  
  120  12:30  Zealot x4  
  94  12:45  Zealot x2  
  74  12:55  Zealot x6  
  82  13:01  Templar Archives  
  82  13:07  Observer  
  82  13:16  Robotics Bay  
  82  13:17  Assimilator  
  82  13:26  Zealot x4  
  80  13:30  Sentry  
  80  13:31  Sentry  
  80  13:32  Zealot  
  86  13:35  Assimilator  
  86  13:36  Assimilator  
  82  13:48  Zealot x4  
  82  13:52  High Templar x2  
  92  13:56  Archon  
  92  14:00  Zealot x2, Sentry  
  72  14:09  Zealot x4  
  68  14:14  Stalker  
  61  14:22  High Templar  
  50  14:26  High Templar, Zealot x2  
  50  14:30  Archon  
  54  14:33  Zealot x2  
  55  14:39  Zealot  
Tags
 
Add a new tag
Caveats
  • Supply blocks, unpowered buildings, or Contaminate may cause inaccurate times.
  • Supply counts are checked every 10 seconds.